 Dungeon Crawl Stone Soup version 0.29-a0-1047-g7c58e119a4 (webtiles) character file.

Game seed: 12691955740729043373

31 nickcage the Magician (level 3, -6/27 HPs)
             Began as a Human Wanderer on Aug 16, 2022.
             Mangled by a gnoll
             ... wielding a +0 halberd
              (10 damage)
             ... on level 2 of the Dungeon.
             The game lasted 00:03:43 (1595 turns).

nickcage the Magician (Human Wanderer)              Turns: 1595, Time: 00:03:44

Health: -6/27      AC:  5    Str: 10    XL:     3   Next: 40%
Magic:  8/8        EV: 10    Int: 12    God:
Gold:   132        SH:  0    Dex: 16    Spells: 8/10 levels left

rFire   . . .      SeeInvis .   d - +0 dagger
rCold   . . .      Faith    .   (no shield)
rNeg    . . .      Spirit   .   h - +0 ring mail
rPois   .          Reflect  .   (no helmet)
rElec   .          Harm     .   (no cloak)
rCorr   .          Rampage  .   (no gloves)
Will    .....                   (no boots)
Stlth   +.........              g - amulet of regeneration
HPRegen 0.89/turn               (no ring)
MPRegen 0.11/turn               (no ring)

@: no status effects
A: no striking features
a: no special abilities


You were on level 2 of the Dungeon.
You visited 1 branch of the dungeon, and saw 2 of its levels.

You collected 132 gold pieces.

Inventory:

Hand Weapons
 a - a +1 quarterstaff
 d - a +0 dagger (weapon)
Armour
 c - a +0 robe
 h - a +0 ring mail (worn)
Jewellery
 g - an amulet of regeneration (around neck)
 j - a +6 ring of intelligence
Scrolls
 f - a scroll of fog {unknown}
 k - a scroll of enchant weapon {unknown}
 l - a scroll of identify {unknown}
 m - a scroll of amnesia {unknown}
 n - a scroll of magic mapping {unknown}
 o - a scroll of brand weapon {unknown}
 p - a scroll of silence {unknown}
Potions
 b - a potion of berserk rage
 e - a potion of magic {unknown}
 i - a potion of might {unknown}


   Skills:
 - Level 2.0 Fighting
 * Level 2.3 Short Blades
 - Level 2.1 Staves
 + Level 0.9 Dodging
 - Level 4.0 Spellcasting
 - Level 1.0 Evocations


You had 8 spell levels left.
You knew the following spells:

 Your Spells              Type           Power      Damage    Failure   Level
a - Sting                 Tmut/Pois      8%         1d3       50%         1
b - Freeze                Ice            8%         1d3       50%         1

Your spell library contained the following spells:

 Spells                   Type           Power      Damage    Failure   Level
 Blink                    Tloc           4%         N/A       65%         2
 Gell's Gravitas          Tloc           2%         N/A       86%         3


Dungeon Overview and Level Annotations

Branches:
Dungeon (2/15)

Altars:


Message History

a +0 dagger; a kobold corpse You see here 6 stones.
p - a scroll labelled AGRISH MOADGH
Found a stone staircase leading down.
There is an open door here.
A gnoll comes into view. It is wielding a +0 halberd.
The gnoll shouts!
Nothing quivered!
Cast which spell? (? or * to list)
You can't see any susceptible monsters within range! (Use Z to cast anyway.)
A gnoll comes into view. It is wielding a +0 spear.
The gnoll shouts!
A gnoll comes into view. It is wielding a +0 flail.
There is an open door here.
The gnoll barely misses you.
The gnoll shouts!
You hit the gnoll.
The gnoll is lightly wounded.
The gnoll barely misses you. The gnoll hits you with a +0 halberd!
You hit the gnoll but do no damage.
The gnoll is lightly wounded.
The gnoll hits you from afar with a +0 spear.
The gnoll barely misses you.
You closely miss the gnoll.
The gnoll is lightly wounded.
The gnoll hits you from afar with a +0 spear.
The gnoll closely misses you.
You hit the gnoll.
The gnoll is moderately wounded.
The gnoll hits you from afar with a +0 spear.
The gnoll hits you with a +0 halberd.
* * * LOW HITPOINT WARNING * * *
You hit the gnoll but do no damage.
The gnoll is moderately wounded.
The gnoll hits you but does no damage. The gnoll hits you with a +0 halberd.
* * * LOW HITPOINT WARNING * * *
You hit the gnoll.
The gnoll is heavily wounded.
The gnoll hits you but does no damage. The gnoll hits you with a +0 halberd!
You die...

# ##.## #.# #.# ##'##
##...## # # ##.....##
.# ## ##.......## #.##
.####.........####...##
....'........ggg@.....#
.####.........####...##
.# ##.......## #..# .#
##....g## #.# .#
##...## .# .# ##'## #
.# #.# .# #g#


You could see 3 gnolls.

Vanquished Creatures
  An adder (D:2)
  2 bats (D:2)
  2 endoplasms
  A giant cockroach (D:1)
  A hobgoblin (D:1)
  2 jackals (D:2)
  2 kobolds
  2 quokkas
  A ball python (D:2)
  A frilled lizard (D:2)
  3 goblins (D:1)
  2 rats
20 creatures vanquished.

Notes
Turn   | Place    | Note
-------+----------+-------------------------------------------
     0 | D:1      | nickcage the Human Wanderer began the quest for the Orb.
     0 | D:1      | nickcage set off with the following items: a +1
                  | quarterstaff, a potion of berserk rage, a +0 robe; and the
                  | following spells available to memorise: Freeze, Sting,
                  | Blink, Gell's Gravitas.
     0 | D:1      | Reached XP level 1. HP: 16/16 MP: 5/5
     2 | D:1      | Learned a level 1 spell: Sting
   672 | D:1      | Reached skill level 1 in Short Blades
   672 | D:1      | Reached XP level 2. HP: 22/22 MP: 7/7
  1117 | D:2      | Learned a level 1 spell: Freeze
  1241 | D:2      | Reached XP level 3. HP: 16/27 MP: 8/8
  1595 | D:2      | Mangled by a gnoll

Illustrated notes

Levels and vault maps discovered:
D:1:      minmay_arrival_wavy_path, layout_basic
D:2:      layout_loops_corners, minmay_tromino_i2

Skill      XL: |  1  2 |
---------------+-------+-----
Short Blades   | 1 2 |  2.3
Fighting       | |  2.0
Staves         | |  2.1
Dodging        | |  0.9
Spellcasting   | |  4.0
Evocations     | |  1.0

Action                   || total
-------------------------++-------
Melee: Dagger            ||   125
       Quarterstaff      ||     4
       Punch             ||     2
Armor: Robe              ||     5
       Ring mail         ||    41
Dodge: Dodged            ||    61

Table legend: (Time is in decaauts)
 A = Elapsed time spent in this place.
 B = Non-inter-level travel time spent in this place.
 C = Inter-level travel time spent in this place.
 D = Time resting spent in this place.
 E = Time spent auto-exploring this place.
 F = Levels seen in this place.
 G = Mean time per level.
                   A        B        C        D        E       F      G
               +--------+--------+--------+--------+--------+-----+--------+
         Total |   1585 |   1547 |     38 |    232 |   1072 |   2 |  792.5 |
       Dungeon |   1585 |   1547 |     38 |    232 |   1072 |   2 |  792.5 |
               +--------+--------+--------+--------+--------+-----+--------+

Top non-repeatable levels by time:
     D:1: 970 daAuts
     D:2: 614 daAuts
